Unix NetHack Version 3.7.0-86 Work-in-progress - last build May 30 2023 01:50:43 (cc98dc9aa62a9957b082a042edf5bd7ec9f632c7,branch:master). Game began 2023-06-04 20:10:49, ended 2023-06-06 18:01:26. Boxo, chaotic female elven Wizard ----------- ----------- |....|....--- |.........| |.%00|00...>| |.........| |.........--- |.........| |....|....| |....<....| |-%--------- |.........| |..0.|.....| |.........| |....|.....| |.........| |..........| |.........| |....|...[.----------------.| |....|.........%...........%| ----------------------------- Boxo the Thaumaturge St:12 Dx:15 Co:14 In:17 Wi:10 Ch:11 Chaotic S:2157 Dlvl:5 $:443 HP:0(42) Pw:37(81) AC:7 Xp:6/351 T:3205 Deaf Latest messages: Pick an object. The water nymph stole an effervescent potion. A mysterious force prevents the water nymph from teleporting! Really save? [yn] (n) Saving... Restoring save file... Hello Boxo, the elven Wizard, welcome back to NetHack! The winter wolf cub breathes frost! The blast of frost hits the jackal. The blast of frost hits the water nymph. The blast of frost hits you! Your potion called #eme 100 freezes and shatters! What do you want to use or apply? [cjkoxy or ?*] Improvise? [ynq] (q) You start playing your tooled horn named <<. You blow into the horn. The winter wolf cub turns to flee. The jackal turns to flee. The water nymph stole a crude dagger named c. A mysterious force prevents the water nymph from teleporting! What do you want to use or apply? [cjkoxy or ?*] Improvise? [ynq] (q) You start playing your tooled horn named <<. You blow into the horn. The water nymph stole a potion of invisibility. A mysterious force prevents the water nymph from teleporting! What do you want to drink? [fhPV or ?*] Gee! All of a sudden, you can't see yourself. The water nymph drinks a potion of invisibility! Suddenly you cannot see the water nymph. What do you want to use or apply? [cjkoxy or ?*] Improvise? [ynq] (q) You start playing your tooled horn named <<. You blow into the horn. The jaguar turns to flee. The bolt of cold hits you! Wizard, your life force is running out. The jaguar is killed by the bolt of cold! In what direction? The spell hits it! The spell hits the winter wolf cub! You kill the winter wolf cub! Welcome to experience level 6. The spell hits the jackal! You kill the jackal! It picks up a winter wolf cub corpse. The bolt of cold hits you! You die... Do you want your possessions identified? [ynq] (y) Do you want to see your attributes? [ynq] (y) Inventory: Coins $ - 443 gold pieces Rings w - a cursed ring of polymorph e - an uncursed ring of slow digestion (on right hand) i - an uncursed ring of sustain ability Armor v - an uncursed +0 pair of fumble boots u - an uncursed +0 pair of iron shoes named !c (being worn) b - an uncursed +0 cloak of magic resistance (being worn) Weapons s - a +0 dagger (at the ready) n - a cursed +0 elven dagger (weapon in hand) Tools y - an uncursed tooled horn named << Scrolls A - 2 uncursed scrolls of earth Potions V - an uncursed potion of confusion P - an uncursed potion of extra healing f - an uncursed potion of sickness Wands o - a blessed wand of cold named <<1 (0:3) x - a wand of light named 0 (0:15) k - a wand of light named 1 (0:14) c - a wand of locking named << (0:5) j - a wand of striking named 4 (0:2) Boxo the Wizard's attributes: Background: You were a Thaumaturge, a level 6 female elven Wizard. You were chaotic, nominally on a mission for Anhur who was opposed by Ptah (lawful) and Thoth (neutral). You were in Sokoban, on level 5. You entered the dungeon 3205 turns ago. You had 351 experience points, 289 more were needed to attain level 7. Your score was 2157 before end-of-game adjustments. Basics: You had 0 out of 42 hit points. You had 37 out of 81 energy points (spell power). Your armor class was 7. Your wallet contained 443 zorkmids. Autopickup was on for '$"?!=/' plus thrown, with exceptions. Final Characteristics: Your strength was 12 (limit:18). Your dexterity was 15 (limit:18). Your constitution was 14 (limit:16). Your intelligence was 17 (limit:20). Your wisdom was 10 (limit:20). Your charisma was 11 (limit:18). Final Status: You were deaf. You were not hungry. You were unencumbered. You were wielding a dagger. You were unskilled in dagger. Final Attributes: You were piously aligned. You were magic-protected. You were sleep resistant. You had infravision. You were invisible. You had slower digestion. You were warded. You are dead. Miscellaneous: You disabled loading of bones levels. Total elapsed playing time was 1 hour, 46 minutes and 53 seconds. Major events: Turn 1: Boxo the chaotic female elven Wizard entered the dungeon 680: entered the Gnomish Mines 1149: attained the rank of Conjurer (level 3) 2110: entered Sokoban 2587: completed 1st Sokoban level 3188: completed 2nd Sokoban level 3204: attained the rank of Thaumaturge (level 6) 3205: killed by a bolt of cold zapped by a water nymph Vanquished creatures: 3 wolves a winter wolf cub a jaguar a pony a fog cloud a shrieker a ghoul a straw golem 3 kittens a dwarf 2 dwarf zombies 2 werejackals an iguana an acid blob a gas spore 5 manes a hobgoblin 2 giant rats 2 gnome zombies 2 geckos 3 jackals 2 foxes a kobold a goblin 2 sewer rats 6 grid bugs 4 lichens 4 newts 56 creatures vanquished. No species were genocided or became extinct. Voluntary challenges: You were deaf from birth. You went without food. You were an atheist. You never hit with a wielded weapon. You were illiterate. You never engraved Elbereth. You never had a pet. You never genocided any monsters. You never polymorphed an object. You never changed form. You used no wishes. You did not violate any of the special Sokoban rules. Achievements: You entered the Gnomish Mines. You entered a shop. You attained the rank of Conjurer. You entered Sokoban. You attained the rank of Thaumaturge. The Dungeons of Doom: levels 1 to 7 Level 1: Level 2: Level 3: A potion shop, an altar, a fountain. Stairs down to The Gnomish Mines. Level 4: Level 5: Some fountains. Level 6: Many fountains. Oracle of Delphi. Level 7: A grave. Stairs up to Sokoban, level 6. The Gnomish Mines: Level 4: Sokoban: levels 6 up to 5 Level 5: <- You were here. Solved. Final resting place for you, killed by a bolt of cold zapped by a water nymph. Level 6: Solved. Game over: ---------- / \ / REST \ / IN \ / PEACE \ / \ | Boxo | | 443 Au | | killed by a bolt | | of cold zapped | | by a water nymph | | | | 2023 | *| * * * | * _________)/\\_//(\/(/\)/\//\/|_)_______ Goodbye Boxo the Wizard... You died in Sokoban on dungeon level 5 with 2113 points, and 443 pieces of gold, after 3205 moves. You were level 6 with a maximum of 42 hit points when you died.